 Dungeon Crawl Stone Soup version 0.31-a0-18-gea43df2a32 (webtiles) character file.

Game seed: 10823685307497749512

319 vineage the Poker (level 6, -4/48 HPs)
             Began as a Merfolk Fighter on May 12, 2023.
             Slain by Menkaure (13 damage)
             ... on level 5 of the Dungeon.
             The game lasted 00:04:43 (2426 turns).

vineage the Poker (Merfolk Fighter)                 Turns: 2426, Time: 00:04:44

Health: -4/48      AC:  9    Str: 18    XL:     6   Next: 46%
Magic:  6/6        EV:  8    Int:  7    God:
Gold:   143        SH:  6    Dex: 14    Spells: 5/5 levels left

rFire   . . .        a - +0 trident
rCold   . . .        c - +1 buckler
rNeg    . . .        g - +0 chain mail
rPois   +            (no helmet)
rElec   .            (no cloak)
rCorr   .            (no gloves)
SInv    .            (no boots)
Will    .....        (no amulet) Stlth
                     j - ring of the Blushing Gods {Fly rPois}
HPRegen 0.28/turn    (no ring)
MPRegen 0.10/turn

%: no passive effects
@: attractive, flying
A: (nimble swimmer 2), mertail
a: no special abilities


You were on level 5 of the Dungeon.
You visited 1 branch of the dungeon, and saw 4 of its levels.

You collected 143 gold pieces.

Inventory:

Hand Weapons
 a - a +0 trident (weapon)
Armour
 c - a +1 buckler (worn)
 g - a +0 chain mail (worn)
Jewellery
 j - the ring of the Blushing Gods (left hand) {Fly rPois}
   (You found it on level 2 of the Dungeon)

   [ring of poison resistance]

   rPois:     It protects you from poison.
   Fly:       It grants you flight.
 r - a +6 ring of intelligence
Wands
 d - a wand of polymorph (12)
Scrolls
 b - a scroll of identify
 f - 2 scrolls of vulnerability {unknown}
 h - a scroll of poison {unknown}
 i - a scroll of noise {unknown}
 k - a scroll of fear {unknown}
 m - 2 scrolls of teleportation {unknown}
 o - a scroll of enchant armour
 p - a scroll of blinking {unknown}
 q - a scroll of brand weapon {unknown}
Potions
 e - a potion of brilliance


   Skills:
 + Level 4.2 Fighting
 * Level 5.5 Polearms
 + Level 3.0 Armour
 + Level 2.9 Dodging
 + Level 3.9 Shields


You had 5 spell levels left.
You didn't know any spells.
Your spell library contained the following spells:

 Spells                   Type           Power      Damage    Failure   Level
 Necrotise                Necr           0%         1d4       99%         1
 Vampiric Draining        Necr           0%         2d6       100%        3
 Agony                    Necr           0%         N/A       100%        5


Dungeon Overview and Level Annotations

Branches:
Dungeon (3/15)

Altars:

Annotations:
D:5 Edmund, Menkaure


Innate Abilities, Weirdness & Mutations

((You are very nimble when in or above water. (Stealth+, EV+, Speed+++)))
Your lower body shifts to a powerful aquatic tail in water.


Message History

Menkaure casts a spell at you. Pain shoots through your body!
Edmund the Younger comes into view.
He is wielding a +4 flail of draining and wearing a +3 scale mail of willpower.
Menkaure hits you but does no damage.
You puncture Menkaure!
Menkaure is moderately damaged.
You feel less invigorated.
You feel less confused. Menkaure barely misses you.
You block Menkaure's attack.
You hit Menkaure but do no damage.
Menkaure is moderately damaged.
Menkaure hits you but does no damage.
You barely miss Menkaure.
Menkaure is moderately damaged.
Menkaure hits you but does no damage.
Menkaure calls on the powers of darkness!
Edmund convulses!
Your body is wracked with pain!
Menkaure attacks as you move away! You block Menkaure's attack.
Menkaure attacks as you move away! Menkaure closely misses you.
It was a potion of attraction.
You feel attractive to monsters. Menkaure barely misses you.
You hit Menkaure.
Menkaure is heavily damaged.
Menkaure hums drily.
Menkaure hits you but does no damage.
Menkaure gestures at you while chanting.
Pain shoots through your body!
You hit Menkaure.
Menkaure is heavily damaged.
Menkaure calls on the powers of darkness!
Edmund convulses!
Your body is wracked with pain!
* * * LOW HITPOINT WARNING * * *
You hit Menkaure.
Menkaure is severely damaged.
Menkaure closely misses you.
You hit Menkaure but do no damage.
Menkaure is severely damaged.
Menkaure hits you!
You die...

...#
#.#######........#
..##
##..#............#
..#
#..............##
.##
#..............# .#
#..#...........# .#
#..##.........### #
##.###..........###
#.# ##......#....#
#@# ##....#####..
#M## ##..## ##.
#@.## #### #. #...#
##. #...# #.. #..##
#.. #..# ### ##.#
#$#


You could see Edmund and Menkaure (fast).

Vanquished Creatures
  Blork the orc (D:5)
  A bullfrog (D:5)
  A hound (D:5)
  An iguana (D:5)
  3 gnolls (D:3)
  4 adders
  A shadow imp (D:5)
  A dart slug (D:1)
  An orc (D:3)
  5 bats
  7 endoplasms
  A giant cockroach (D:1)
  4 goblins
  2 hobgoblins
  5 jackals
  5 kobolds
  3 quokkas (D:1)
  5 ball pythons
  4 frilled lizards
  4 rats
59 creatures vanquished.

Notes
Turn   | Place    | Note
-------+----------+-------------------------------------------
     0 | D:1      | vineage the Merfolk Fighter began the quest for the Orb.
     0 | D:1      | Reached XP level 1. HP: 18/18 MP: 1/1
    22 | D:1      | Found a faded altar of an unknown god.
    29 | D:1      | Reached skill level 3 in Polearms
    69 | D:1      | Reached XP level 2. HP: 21/24 MP: 2/2
   236 | D:1      | Reached skill level 1 in Dodging
   285 | D:1      | Reached XP level 3. HP: 29/29 MP: 3/3
   654 | D:2      | Identified the ring of the Blushing Gods {Fly rPois}
  1028 | D:2      | Reached XP level 4. HP: 35/36 MP: 4/4
  1072 | D:2      | Reached skill level 4 in Polearms
  1926 | D:3      | You are sucked into a shaft and drop 2 floors!
  1926 | D:5      | Entered Level 5 of the Dungeon
  1927 | D:5      | Noticed a bullfrog
  1934 | D:5      | Killed a bullfrog
  1935 | D:5      | Reached XP level 5. HP: 36/42 MP: 5/5
  1942 | D:5      | Reached skill level 5 in Polearms
  2024 | D:5      | Noticed Blork the orc
  2031 | D:5      | Killed Blork the orc
  2032 | D:5      | Reached XP level 6. HP: 33/48 MP: 6/6
  2407 | D:5      | Noticed Menkaure
  2412 | D:5      | Noticed Edmund
  2426 | D:5      | Slain by Menkaure

Illustrated notes

Levels and vault maps discovered:
D:1:      psy_arrival_terrarium, layout_rooms, hellmonk_ecumenical_altar_zigzags
D:2:      layout_basic, serial_park_tiny_pond, dreamdust_mushroom_princess,
          minmay_diced_spiral
D:3:      layout_basic, cheibrodos_sewer_entry_bend
D:5:      layout_cave_pods, uniq_grinder, uniq_menkaure, uniq_edmund,
          uniq_blork_the_orc

Skill      XL: |  1  2  3  4  5  6 |
---------------+-------------------+-----
Polearms       | 3 4 5 |  5.5
Dodging        | 1 2 |  2.9
Fighting       | 4 |  4.2
Armour         | 3 |  3.0
Shields        | |  3.9

Action                     |  1- 3 |  4- 6 || total
---------------------------+-------+-------++-------
  Melee: Trident           |   127 |   105 ||   232
    Use: Scroll            |     1 |     2 ||     3
         Potion            |       |     3 ||     3
 Armour: Scale mail        |     8 |       ||     8
         Chain mail        |    33 |    45 ||    78
  Dodge: Dodged            |    40 |    42 ||    82
  Block: Buckler           |    21 |    28 ||    49

Table legend: (Time is in decaauts)
 A = Elapsed time spent in this place.
 B = Non-inter-level travel time spent in this place.
 C = Inter-level travel time spent in this place.
 D = Time resting spent in this place.
 E = Time spent auto-exploring this place.
 F = Levels seen in this place.
 G = Mean time per level.
                   A        B        C        D        E       F      G
               +--------+--------+--------+--------+--------+-----+--------+
         Total |   2456 |   2369 |     87 |      0 |   1920 |   4 |  614.0 |
       Dungeon |   2456 |   2369 |     87 |      0 |   1920 |   4 |  614.0 |
               +--------+--------+--------+--------+--------+-----+--------+

Top non-repeatable levels by time:
     D:2: 1161 daAuts
     D:1: 592 daAuts
     D:5: 503 daAuts
     D:3: 198 daAuts
